Map: Ulrena

Players

AcerBly (Bly) - Winner!

  • Race: Zerg Zerg

sCvKING

  • Race: Terran Terran

VOD

Have the link to the VOD?

Description

Time

  • Played on: Dec. 14, 2015, 3:57 p.m.
  • Length: 10:12
Show
View Real Time Build Order
Export as new Build Order

AcerBly Zerg - Winner!

Build Orders: Hatch First 

Get SALT Encoding   

  12  0:01  Drone  
  13  0:12  Overlord  
  13  0:17  Drone  
  14  0:31  Drone x2  
  16  0:36  Drone  
  17  0:53  Hatchery  
  16  0:57  Drone  
  16  0:59  Extractor  
  16  1:12  Spawning Pool  
  16  1:14  Drone  
  16  1:18  Drone  
  17  1:24  Drone  
  18  1:29  Drone  
  19  1:38  Overlord  
  19  1:59  Queen  
  19  2:00  Zergling x2  
  19  2:01  Zergling x2  
  23  2:06  Roach Warren  
  23  2:08  Zergling x2  
  23  2:15  Queen  
  23  2:19  Drone  
  26  2:27  Extractor  
  25  2:47  Roach x2  
  25  2:49  Roach  
  25  2:51  Overlord  
  33  2:58  Roach  
  33  3:11  Zergling x2  
  33  3:12  Zergling x8  
  38  3:18  Ravager  
  38  3:19  Ravager x2  
  41  3:26  Ravager  
  42  3:33  Zergling x2  
  42  3:34  Zergling x4  
  42  3:48  Roach x2  
  42  3:57  Drone x3  
  43  4:09  Drone x2  
  44  4:16  Drone  
  41  4:26  Drone x3  
  44  4:33  Drone x3  
  44  4:42  Lair  
  44  4:46  Overlord x2  
  44  5:04  Overlord x2, Queen  
  46  5:12  Drone x3  
  46  5:13  Drone  
  50  5:14  Drone  
  50  5:18  Drone  
  50  5:21  Overlord  
  52  5:30  Ravager x2  
  52  5:35  Roach x3  
  60  5:48  Drone x6  
  66  5:51  Extractor  
  66  5:52  Glial Reconstitution  
  66  5:53  Extractor  
  64  6:03  Drone  
  64  6:04  Drone x2  
  67  6:05  Overlord  
  67  6:06  Drone  
  68  6:13  Hatchery  
  67  6:25  Drone x2  
  67  6:26  Drone, Overlord  
  67  6:27  Roach  
  67  6:28  Roach  
  67  6:31  Evolution Chamber  
  73  6:34  Evolution Chamber  
  70  6:57  Roach x7  
  78  7:08  Roach x5  
  85  7:09  Overlord  
  85  7:16  Roach  
  85  7:21  Zerg Missile Weapons Level 1  
  85  7:22  Overlord, Zerg Ground Armor Level 1  
  74  7:42  Drone x10  
  74  7:43  Overlord  
  85  7:51  Ravager x4  
  85  7:52  Ravager x2  
  90  8:04  Roach x5  
  84  8:23  Roach  
  84  8:24  Roach x7  
  100  8:31  Roach x3  
  97  8:44  Roach x7  
  97  8:46  Overlord  
  111  8:52  Overseer  
  110  8:55  Ravager  
  110  8:56  Ravager x2  
  112  9:06  Roach x6  
  112  9:09  Ravager  
  109  9:34  Roach  
  109  9:35  Roach x9  
  109  9:36  Overlord  
Show
View Real Time Build Order
Export as new Build Order

sCvKING Terran 

Build Orders: Reaper Expand 

Get SALT Encoding   

  12  0:01  SCV  
  13  0:13  SCV  
  14  0:18  Supply Depot  
  14  0:25  SCV  
  15  0:39  SCV  
  15  0:42  Barracks  
  16  0:46  Refinery  
  16  0:51  SCV  
  17  1:03  SCV  
  18  1:15  SCV  
  19  1:30  Reaper, Orbital Command  
  20  1:44  Command Center  
  20  1:55  SCV  
  20  1:58  Supply Depot  
  21  2:07  Barracks Reactor, SCV  
  22  2:20  SCV  
  22  2:22  Refinery  
  23  2:23  Factory  
  23  2:32  SCV  
  24  2:44  SCV, Marine x2  
  27  2:56  SCV  
  28  2:58  Orbital Command  
  28  3:02  Marine x2  
  30  3:06  Widow Mine  
  30  3:08  SCV, Starport  
  32  3:20  SCV, Bunker, Marine x2  
  35  3:27  Supply Depot  
  35  3:32  SCV  
  35  3:33  Bunker  
  36  3:37  Factory Tech Lab  
  36  3:38  Marine x2  
  37  3:43  SCV  
  37  3:49  Medivac  
  37  3:56  Siege Tank  
  37  3:59  Bunker, Marine  
  37  4:00  Marine  
  40  4:10  SCV  
  40  4:12  Orbital Command  
  34  4:17  Marine  
  34  4:21  Marine  
  34  4:22  SCV  
  35  4:31  Supply Depot  
  35  4:35  Siege Tank  
  38  4:40  Barracks Reactor  
  38  4:41  SCV x2  
  40  4:53  SCV  
  40  4:58  SCV, Barracks  
  42  5:01  Barracks  
  42  5:02  Supply Depot  
  42  5:06  Medivac  
  44  5:08  SCV  
  44  5:13  SCV  
  46  5:17  Marine x2  
  46  5:21  SCV  
  49  5:25  SCV  
  49  5:27  Siege Tank  
  53  5:33  SCV  
  54  5:39  Marine  
  55  5:43  SCV  
  55  5:47  Supply Depot, Marine  
  55  5:48  Medivac  
  55  5:49  Barracks Tech Lab x2  
  59  5:50  SCV  
  60  5:58  Marine  
  60  6:00  SCV  
  61  6:05  Marine  
  61  6:06  SCV  
  60  6:11  Supply Depot  
  60  6:13  Supply Depot  
  60  6:14  Supply Depot  
  60  6:16  Bunker  
  60  6:20  Starport Reactor  
  60  6:23  Combat Shields  
  60  6:27  SCV  
  60  6:28  Refinery, Marine  
  60  6:30  Marine x2  
  60  6:32  Marine  
  61  6:40  SCV  
  61  6:46  Marine  
  61  6:47  SCV  
  58  6:48  Marine x2  
  58  6:50  Siege Tank  
  58  6:52  Marauder  
  62  7:00  SCV  
  58  7:03  Bunker, Marine  
  58  7:04  SCV  
  58  7:06  Marine x2  
  56  7:13  Marine  
  56  7:15  SCV  
  55  7:18  SCV  
  55  7:21  Marine  
  50  7:23  Marine  
  50  7:25  Marauder  
  50  7:27  SCV  
  52  7:30  SCV  
  52  7:31  Marine  
  51  7:39  SCV, Marine  
  51  7:42  SCV, Stimpack  
  54  7:47  Medivac x2  
  58  7:51  SCV, Concussive Shells  
  58  7:54  SCV, Marine x2  
  62  8:04  SCV  
  63  8:06  SCV  
  63  8:09  Supply Depot  
  59  8:16  SCV  
  53  8:21  Marauder, Marine  
  53  8:22  SCV  
  53  8:24  Medivac, Marine x2  
  58  8:28  SCV  
  58  8:31  Siege Tank  
  59  8:34  SCV  
  59  8:37  Medivac  
  59  8:38  Marine  
  60  8:41  SCV  
  60  8:45  Marine  
  60  8:46  SCV  
  61  8:56  SCV, Engineering Bay  
  61  8:57  Barracks  
  62  9:03  Siege Tank  
  62  9:05  Marine x2  
  67  9:10  Marine  
  67  9:13  Marine  
  63  9:23  Marine x2  
  57  9:28  SCV, Marine  
  57  9:31  Medivac, Marine  
  46  9:41  Marine  
Tags
 
Add a new tag
Caveats
  • Supply blocks, unpowered buildings, or Contaminate may cause inaccurate times.
  • Supply counts are checked every 10 seconds.